 Dungeon Crawl Stone Soup version 0.29-a0-1065-g47a6bb87d6 (webtiles) character file.

Game seed: 8793721864309320919

6465 drugrobin the Cleaver (level 10, -1/83 HPs)
             Began as a Demigod Delver on Aug 18, 2022.
             Slain by a troll (5 damage)
             ... on level 2 of the Orcish Mines.
             The game lasted 00:27:53 (15063 turns).

drugrobin the Cleaver (Demigod Delver)             Turns: 15063, Time: 00:27:53

Health: -1/83      AC: 11    Str: 24    XL:     10   Next: 41%
Magic:  13/13      EV:  8    Int: 11    God:
Gold:   541        SH:  0    Dex: 19    Spells: 9/9 levels left

rFire   . . .      SeeInvis .   a - +2 hand axe (elec)
rCold   . . .      Faith    .   p - orb {light}
rNeg    . . .      Spirit   .   H - +2 chain mail {rPois}
rPois   +          Reflect  .   A - +0 helmet
rElec   .          Harm     .   (no cloak)
rCorr   .          Rampage  .   (no gloves)
Will    +....                   (no boots)
Stlth   ..........              (no amulet)
HPRegen 0.23/turn               (no ring)
MPRegen 0.13/turn               (no ring)

@: glowing
A: high MP 1, forlorn, divine attributes, agile 1
a: no special abilities


You were on level 2 of the Orcish Mines.
You visited 2 branches of the dungeon, and saw 11 of its levels.
You also visited: Sewer and Ossuary.

You collected 789 gold pieces.
You spent 248 gold pieces at shops.

Inventory:

Hand Weapons
 a - a +2 hand axe of electrocution (weapon)
 h - a +0 war axe
 q - a +2 shortbow of freezing
 J - a +4 battleaxe
 M - a +2 short sword of venom
 Q - a +2 hand axe of pain
Missiles
 r - 66 stones
 E - 2 silver javelins
 I - 3 javelins (quivered)
Armour
 b - a +0 leather armour
 p - an orb of light (worn)
 u - a +1 plate armour of willpower
 A - a +0 helmet (worn)
 H - a +2 chain mail of poison resistance (worn)
 R - a +1 plate armour of cold resistance
 S - a +0 troll leather armour
Wands
 g - a wand of digging (7)
 N - a wand of charming (4)
Scrolls
 c - 4 scrolls of fog
 d - a scroll of magic mapping
 e - 4 scrolls of fear
 k - 6 scrolls of blinking {unknown}
 n - 4 scrolls of teleportation {unknown}
 o - a scroll of enchant weapon {unknown}
 t - 3 scrolls of vulnerability {unknown}
 v - 3 scrolls of poison {unknown}
 w - 2 scrolls of enchant armour {unknown}
 y - 11 scrolls of identify {unknown}
 z - a scroll of immolation {unknown}
 B - 2 scrolls of summoning {unknown}
 C - a scroll of acquirement {unknown}
 F - 6 scrolls of noise {unknown}
 L - 3 scrolls of brand weapon {unknown}
Potions
 f - 2 potions of haste
 i - 4 potions of mutation
 j - 3 potions of magic {unknown}
 l - 3 potions of lignification
 m - 4 potions of curing {unknown}
 s - 3 potions of heal wounds {unknown}
 x - 8 potions of flight
 D - 2 potions of attraction {unknown}
 G - 3 potions of ambrosia {unknown}
 K - a potion of brilliance {unknown}
 P - a potion of cancellation {unknown}
Miscellaneous
 O - a phantom mirror


   Skills:
 + Level 5.7 Fighting
 + Level 14.0 Axes
 - Level 1.7 Dodging
 - Level 4.5 Stealth


You had 9 spell levels left.
You didn't know any spells.
Your spell library contained the following spells:

 Spells                   Type           Power      Damage    Failure   Level
 Sandblast                Erth           0%         2d4       97%         1
 Blink                    Tloc           0%         N/A       99%         2
 Ensorcelled Hibernation  Hex/Ice        0%         N/A       99%         2
 Passwall                 Tmut/Erth      0%         N/A       99%         2
 Scorch                   Fire           0%         2d5       99%         2
 Conjure Flame            Conj/Fire      0%         6-21      100%        3
 Ignite Poison            Fire/Tmut/Pois 0%         N/A       100%        3
 Inner Flame              Hex/Fire       0%         N/A       100%        3
 Portal Projectile        Hex/Tloc       0%         N/A       100%        3
 Spider Form              Tmut/Pois      0%         N/A       100%        3
 Stone Arrow              Conj/Erth      0%         3d7       100%        3
 Tukima's Dance           Hex            0%         N/A       100%        3
 Anguish                  Hex/Necr       0%         N/A       100%        4
 Cause Fear               Hex            0%         N/A       100%        4
 Flame Wave               Conj/Fire      0%         2d4       100%        4
 Sticky Flame             Conj/Fire      0%         2d3       100%        4
 Summon Lightning Spire   Summ/Air       0%         N/A       100%        4
 Blade Hands              Tmut           0%         N/A       100%        5
 Manifold Assault         Tloc           0%         N/A       100%        5
 Summon Cactus Giant      Summ           0%         N/A       100%        6
 Storm Form               Tmut/Air       0%         N/A       100%        7
 Discord                  Hex            0%         N/A       100%        8
 Maxwell's Capacitive Co  Air            0%         ∞         100%        8


Dungeon Overview and Level Annotations

Branches:
Dungeon (9/15)             Temple (0/1) D:7             Orc (2/2) D:9
  Sewer (visited)         Ossuary (visited)
   Lair: D:8-11         Elf: Orc:2

Shops:
D:8 *   Orc:2 [

Annotations:
D:9 2 transporters, exclusion: oklob plant, Newt's ghost, novice DsGl


Innate Abilities, Weirdness & Mutations

You have an increased reservoir of magic. (+10% MP)
You shall have no god before yourself.
Your divine heritage dramatically boosts your attributes as you level up.
You are agile. (Dex +4, Str/Int -1)


Message History

You now have 480 gold pieces (gained 30).
You now have 511 gold pieces (gained 31).
You now have 541 gold pieces (gained 30).
A troll and an orc warlord come into view.
The orc warlord is wielding a +4 great sword of holy wrath.
Found Cinaw's Antique Armour Emporium.
The troll shouts!
An orc sorcerer comes into view. It is wielding a +0 dagger.
The orc warlord roars a battlecry!
The orc sorcerer goes into a battle-frenzy!
Unknown command.
An orc warrior comes into view. It is wielding a +0 dire flail.
The orc warrior unwields a +0 dire flail.
The orc warrior wields a +0 arbalest.
The orc warrior shoots a bolt.
The bolt hits you!! The troll attacks as you move away!
The troll barely misses you. The troll claws you! The troll claws you.
The orc warrior shoots a bolt.
The bolt barely misses you.
You hear a shout!
The orc warrior shoots a bolt.
The bolt barely misses you.
An orc warrior comes into view. It is wielding a +0 flail.
You hear a shout!
The orc warrior shouts!
The orc warrior shoots a bolt.
The bolt hits you!
The orc warlord roars a battlecry!
You hear a shout!
You hear a howl!
Unknown command.
Unknown command.
Unknown command.
The orc warrior shoots a bolt.
The bolt closely misses you.
There is a stone staircase leading up here.
Unknown command.
Unknown command.
Unknown command.
The orc warrior shoots a bolt.
The bolt hits you!!
* * * LOW HITPOINT WARNING * * *
The troll bites you!
* * * LOW HITPOINT WARNING * * *
The troll claws you.
You die...

# .## ..## ### ...#
###.## ...### ####....##
.....## ###........#
......###.#.......####
.......##...o..T@....##
........##..............
........#.....#.........
#.............##........
##.........o###.........
##...........# #....o...
##...........# #........
#............# #........
..............# .....#.


You could see an orc warlord, a troll and 2 orc warriors.

Vanquished Creatures
  2 unseen horror zombies (D:9)
  A troll (Orc:1)
  Grinder (D:4)
  2 shadows
  3 wyverns
  3 yaks (D:9)
  A water moccasin (D:8)
  6 orc warriors
  2 black bears (D:6)
  An ogre (D:6)
  3 sky beasts
  3 centaurs
  A phantom (D:7)
  5 scorpions
  A bullfrog (D:9)
  13 wights
  4 jellies
  5 killer bees (D:9)
  4 howler monkeys (D:8)
  2 centaur zombies (D:9)
  5 hounds
  A gnoll bouda (D:7)
  5 orc priests
  3 iguanas
  Natasha (thrice) (D:3)
  9 orc wizards
  A killer bee zombie (D:9)
  Robin (D:3)
  A howler monkey zombie (D:9)
  10 gnolls
  15 adders
  3 river rats (Sewer)
  A shadow imp (D:6)
  2 white imps
  An adder zombie (Ossuary)
  2 worms
  8 dart slugs
  40 orcs
  6 endoplasms
  10 giant cockroaches
  14 goblins
  5 hobgoblins
  4 jackals
  11 kobolds
  6 quokkas
  8 ball pythons
  13 bats
  5 frilled lizards
  A goblin zombie (Ossuary)
  12 hobgoblin zombies (Ossuary)
  3 jackal zombies (Ossuary)
  6 kobold zombies (Ossuary)
  8 orc zombies (Ossuary)
  12 rats
298 creatures vanquished.

Vanquished Creatures (others)
  5 fungi (Orc:2)
  A plant (D:1)
  5 withered plants (D:1)
11 creatures vanquished.

Grand Total: 309 creatures vanquished

Notes
Turn   | Place    | Note
-------+----------+-------------------------------------------
     0 | D:5      | drugrobin the Demigod Delver began the quest for the Orb.
     0 | D:5      | Reached XP level 1. HP: 18/18 MP: 3/3
   125 | D:5      | Noticed a jelly
   172 | D:5      | Found a sand-covered staircase.
   179 | Ossuary  | Entered an ossuary
   197 | Ossuary  | Reached skill level 2 in Axes
   446 | Ossuary  | Reached XP level 2. HP: 22/25 MP: 4/4
   727 | Ossuary  | Reached skill level 3 in Axes
  1558 | D:4      | Reached XP level 3. HP: 24/30 MP: 5/5
  2286 | D:4      | Gained mutation: You are agile. (Dex +4, Str/Int -1)
                  | [potion of mutation]
  2290 | D:4      | HP: 2/45 [poisoned by an adder]
  2617 | D:4      | Noticed Grinder
  2687 | D:4      | Reached skill level 4 in Axes
  2802 | D:3      | Reached XP level 4. HP: 16/37 MP: 6/6
  2817 | D:3      | Found a glowing drain.
  2998 | Sewer    | Entered a sewer
  3306 | Sewer    | Reached skill level 5 in Axes
  3306 | Sewer    | Reached XP level 5. HP: 21/42 MP: 7/7
  4963 | D:2      | Reached skill level 6 in Axes
  5380 | D:3      | Noticed Natasha
  5381 | D:3      | Killed Natasha
  5382 | D:3      | Reached XP level 6. HP: 50/50 MP: 8/8
  5383 | D:3      | You fall into a shaft and drop 2 floors!
  6197 | D:3      | Reached skill level 7 in Axes
  6411 | D:3      | Noticed Natasha
  6415 | D:3      | Killed Natasha
  6495 | D:3      | Noticed Robin
  6500 | D:3      | Killed Robin
  6734 | D:3      | Noticed Natasha
  6738 | D:3      | Killed Natasha
  6889 | D:4      | Killed Grinder
  6890 | D:4      | Reached skill level 8 in Axes
  6890 | D:4      | Reached XP level 7. HP: 56/56 MP: 9/9
  7868 | D:5      | Noticed a shadow
  7882 | D:5      | Killed a shadow
  7883 | D:5      | Reached skill level 9 in Axes
  7940 | D:5      | Reached XP level 8. HP: 35/62 MP: 10/10
  8867 | D:6      | Reached skill level 10 in Axes
  9842 | D:7      | Found a staircase to the Ecumenical Temple.
  9851 | D:7      | Reached skill level 11 in Axes
  9946 | D:6      | Reached XP level 9. HP: 19/64 MP: 11/11
 11176 | D:8      | Reached skill level 12 in Axes
 11477 | D:8      | Found Ecepoink's CLEARANCE SALE!.
 11485 | D:8      | Bought a wand of charming (4) for 48 gold pieces
 11485 | D:8      | Bought a phantom mirror for 200 gold pieces
 12254 | D:9      | Reached skill level 13 in Axes
 12516 | D:9      | Noticed an oklob plant
 12518 | D:9      | Noticed a centaur warrior
 12521 | D:9      | Found a transporter.
 12523 | D:9      | Noticed Newt's ghost (novice DsGl)
 12523 | D:9      | Noticed a two-headed ogre
 12545 | D:9      | Found a transporter.
 13013 | D:9      | Reached XP level 10. HP: 76/78 MP: 13/13
 13900 | D:9      | Reached skill level 5 in Fighting
 14535 | D:9      | Found a staircase to the Orcish Mines.
 14545 | Orc:1    | Entered Level 1 of the Orcish Mines
 14660 | Orc:1    | Reached skill level 14 in Axes
 14997 | Orc:2    | Entered Level 2 of the Orcish Mines
 15045 | Orc:2    | Found Cinaw's Antique Armour Emporium.
 15045 | Orc:2    | Noticed an orc warlord
 15045 | Orc:2    | Noticed an orc sorcerer
 15063 | Orc:2    | HP: 4/83 [troll (8)]
 15063 | Orc:2    | Slain by a troll

Illustrated notes

Levels and vault maps discovered:
D:1:      beargit_arrival_greenhouse, layout_loops_ring,
          shapermc_ecumenical_altar_flowoftime
D:2:      layout_rooms, roderic_roman_lattice, kennysheep_generic_room_10
D:3:      layout_basic, cheibrodos_sewer_entry_drain, kennysheep_orc_chapel,
          uniq_natasha, uniq_robin
D:4:      layout_layer_cave, mainiacjoe_overflow_catch_the_wave, abandoned_shop,
          uniq_grinder
D:5:      layout_loops_corners, nicolae_ossuary_entry_monument
D:6:      layout_rooms
D:7:      layout_basic, minmay_temple_entry_sparse_star
D:8:      layout_basic, ashenzari_conservatory_becter,
          chequers_serial_rivers_large_a, nicolae_shop_clearance
D:9:      layout_gridville, david_orc_4, nzn_ghost_randoct, serial_undead,
          serial_undead_d, serial_undead_d, serial_undead_a, serial_undead_e
Orc:1:    layout_diamond_mine
Orc:2:    grunt_orc_gardens, layout_diamond_mine, grunt_orc_garden,
          grunt_orc_garden, grunt_orc_garden, grunt_orc_garden,
          hellmonk_ghost_happy_afterlife

Skill      XL: |  1  2  3  4  5  6  7  8  9 10 |
---------------+-------------------------------+-----
Axes           | 2 3 4 5 6 8 9 11 13 14 | 14.0
Fighting       | 3 5 |  5.7
Dodging        | |  1.7
Stealth        | |  4.5

Action                   |  1- 3 |  4- 6 |  7- 9 | 10-12 || total
-------------------------+-------+-------+-------+-------++-------
Melee: Hand axe          |   174 |   299 |   324 |   102 ||   899
       Punch             |     3 |       |       |       ||     3
       Short sword       |       |       |     6 |       ||     6
Throw: Stone             |       |     1 |       |       ||     1
       Javelin           |       |     2 |    18 |     6 ||    26
       Throwing net      |       |       |     2 |       ||     2
  Use: Potion            |     2 |       |       |       ||     2
       Scroll            |     1 |       |       |       ||     1
 Stab: Sleeping          |     6 |     8 |       |       ||    14
       Held in net/web   |       |       |     4 |       ||     4
Armor: Leather armour    |    52 |    19 |       |       ||    71
       Plate armour      |       |   190 |   123 |    12 ||   325
       Chain mail        |       |       |       |    32 ||    32
Dodge: Dodged            |   118 |    94 |    75 |    39 ||   326

Table legend: (Time is in decaauts)
 A = Elapsed time spent in this place.
 B = Non-inter-level travel time spent in this place.
 C = Inter-level travel time spent in this place.
 D = Time resting spent in this place.
 E = Time spent auto-exploring this place.
 F = Levels seen in this place.
 G = Mean time per level.
                   A        B        C        D        E       F      G
               +--------+--------+--------+--------+--------+-----+--------+
         Total |  15154 |  14732 |    422 |   3159 |   8103 |  13 | 1165.7 |
       Dungeon |  12705 |  12301 |    404 |   2580 |   7281 |   9 | 1411.7 |
  Orcish Mines |    513 |    495 |     18 |    244 |    195 |   2 |  256.5 |
         Sewer |    964 |    964 |      0 |    160 |    523 |   1 |  964.0 |
       Ossuary |    971 |    971 |      0 |    175 |    104 |   1 |  971.0 |
               +--------+--------+--------+--------+--------+-----+--------+

Top non-repeatable levels by time:
     D:4: 2277 daAuts
     D:9: 1984 daAuts
     D:5: 1786 daAuts
     D:3: 1621 daAuts
     D:6: 1371 daAuts
     D:8: 1339 daAuts
     D:7: 1069 daAuts
 Ossuary: 971 daAuts
   Sewer: 964 daAuts
     D:1: 697 daAuts
     D:2: 557 daAuts
   Orc:1: 447 daAuts
   Orc:2: 65 daAuts
